 Dungeon Crawl Stone Soup version 0.19.4-8-ga85b6b9 (webtiles) character file.

5775 empire the Fighter (level 10, -5/91 HPs)
             Began as a Minotaur Fighter on Feb 9, 2017.
             Was a Believer of Nemelex Xobeh.
             Slain by an ice devil (14 damage)
             ... summoned by the player character
             ... on level 10 of the Dungeon.
             The game lasted 00:24:11 (10008 turns).

empire the Fighter (Minotaur Fighter)              Turns: 10008, Time: 00:24:12

Health: -5/91      AC: 12    Str: 22    XL:     10   Next: 50%
Magic:  21/21      EV:  8    Int:  5    God:    Nemelex Xobeh [**....]
Gold:   592        SH: 12    Dex: 12    Spells: 0 memorised, 9 levels left

rFire  . . .     SeeInvis .     a - +1 scimitar
rCold  . . .     Gourm    .     V - +0 scale mail
rNeg   . . .     Faith    .     X - +0 shield
rPois  +         Spirit   .     (helmet restricted)
rElec  .         Reflect  .     o - +1 cloak {rPois}
rCorr  .         Harm     .     W - +0 pair of gloves
MR     .....                    (no boots)
Stlth  ..........               (no amulet)
                                (no ring)
                                l - ring of magical power

@: no status effects
A: retaliatory headbutt, horns 2
a: Renounce Religion


You were on level 10 of the Dungeon.
You worshipped Nemelex Xobeh.
Nemelex Xobeh was pleased with you.
You were not hungry.

You visited 2 branches of the dungeon, and saw 11 of its levels.
You also visited: Sewer.

You collected 592 gold pieces.

Inventory:

Hand Weapons
 a - a +1 scimitar (weapon)
 d - a +1 mace of protection
 e - a cursed -1 flail
 r - a +2 falchion of holy wrath
 u - a +0 falchion of electrocution
 v - a +3 mace of holy wrath
 x - a +1 long sword
Armour
 o - a +1 cloak of poison resistance (worn)
 V - a +0 scale mail (worn)
 W - a +0 pair of gloves (worn)
 X - a +0 shield (worn)
Jewellery
 l - a ring of magical power (left hand)
Wands
 s - a wand of flame (21/48)
 w - a wand of hasting (4/9)
 A - a wand of iceblast (5/15)
 E - a wand of slowing (3/48)
 G - a wand of enslavement (11/24)
Scrolls
 c - 2 scrolls of blinking
 h - 4 scrolls of teleportation
 k - a scroll of fog
 q - 3 scrolls of remove curse
 C - a scroll of immolation
 D - a scroll of magic mapping
 K - a scroll of recharging
Potions
 g - 3 potions of flight
 n - 2 potions of curing
 p - a potion of cancellation
 t - a potion of cure mutation
 B - a potion of agility {unknown}
 H - 2 potions of mutation
Books
 y - a book of Misfortune

   Spells                             Type                      Level
   a - Confusing Touch                Hexes                        1
   b - Confuse                        Hexes                        3
   c - Gell's Gravitas                Hexes/Translocation          3
   d - Petrify                        Transmutation/Earth          4
   e - Metabolic Englaciation         Hexes/Ice                    5
   f - Yara's Violent Unravelling     Hexes/Transmutation          5
Miscellaneous
 z - a plain deck of summoning {drawn: 1}
 I - a plain deck of escape
 M - a box of beasts
Comestibles
 b - 3 meat rations
 f - 8 bread rations
 i - 3 beef jerkies
 j - 3 fruits
 J - 8 slices of pizza
 L - 2 chunks of flesh


   Skills:
 + Level 9.4 Fighting
 + Level 9.2 Long Blades
 + Level 9.4 Armour
 + Level 9.4 Shields
 + Level 4.1 Invocations
 + Level 3.6 Evocations


You had 9 spell levels left.
You didn't know any spells.

Dungeon Overview and Level Annotations

Branches:
Dungeon (10/15)            Temple (1/1) D:6
   Lair: D:8-11         Orc: D:9-12

Altars:
Ashenzari
Cheibriados
Dithmenos
Elyvilon
Fedhas
Gozag
Hepliaklqana
Kikubaaqudgha
Makhleb
Nemelex Xobeh
Okawaru
Qazlal
Ru
Sif Muna
Trog
Uskayaw
Vehumet
Xom
Yredelemnul
Zin
The Shining One
Lugonu

Annotations:
D:9 exclusion: oklob plant


Innate Abilities, Weirdness & Mutations

You reflexively headbutt those who attack you in melee.
You have a pair of horns on your head.


Message History

Unknown command.
You hit the ice devil but do no damage.
The ice devil is severely wounded.
The molten gargoyle hits empire's illusion with a mace.
Empire's illusion is engulfed in flames!
Empire's illusion hits the molten gargoyle but does no damage.
You block the ice devil's attack.
Unknown command.
You hit the ice devil but do no damage. Your headbutt misses the ice devil.
The ice devil is severely wounded.
The molten gargoyle hits empire's illusion with a mace.
Empire's illusion dies!
The ice devil hits you. The ice devil freezes you!!
* * * LOW HITPOINT WARNING * * *
Unknown command.
The ice devil hits you.
* * * LOW HITPOINT WARNING * * *
The ice devil freezes you!
You die...
Your body disappears without a glow.

...#.##..##...............
#.#. #..##...#######.###.
.#. #..#.....# #..##.
..#####..#.....# ##...P
...............# #..... .
..####..#.....# ##.P..P
#...####..#.....# #....P.
.......9h@4.....#####.P.PPP
....#####.@..<<....֠...PPP
. ..............####.P.PPP
..............# #..PP..
.#######....###


#.P.PPP ......# #.....P .####### #.P.... # ..#..P. ....##P You could see an ice
devil, a molten gargoyle (unaware), a friendly hell hound and the friendly
empire's illusion.

Vanquished Creatures
  The ghost of Paps the Protected, a novice GrFi of Hepliaklqana (D:9)
  2 hornets
  4 yaks (D:10)
  A human (D:9)
  An orc warrior (D:8)
  A sky beast (D:8)
  A black bear (D:9)
  3 ice beasts
  3 ogres
  A phantom (D:3)
  2 centaurs
  3 big kobolds
  6 bullfrogs
  A wyvern zombie (D:10)
  A water moccasin zombie (D:5)
  A scorpion (D:8)
  5 killer bees (D:9)
  3 howler monkeys
  4 crimson imps
  A quasit (D:9)
  5 hounds
  2 bullfrog zombies (D:6)
  4 centaur skeletons
  6 orc priests
  Crazy Yiuf (D:2)
  A bullfrog skeleton (D:3)
  2 iguanas
  12 orc wizards
  5 worker ants
  2 killer bee zombies (D:6)
  A hound zombie (D:6)
  4 worker ant zombies
  6 adders
  2 river rats
  2 shadow imps (D:5)
  2 oozes
  An adder zombie (D:6)
  2 adder skeletons
  2 worms (D:3)
  3 dart slugs
  9 leopard geckos
  27 orcs
  23 giant cockroaches
  5 goblins
  8 hobgoblins
  9 jackals
  7 quokkas
  11 bats
  6 frilled lizards
  A giant cockroach zombie (D:6)
  23 kobolds
  2 leopard gecko skeletons
  A quokka skeleton (D:5)
  A quokka zombie (D:6)
  15 rats
  A spectral orc (D:8)
  A fungus (D:9)
  A plant (D:9)
261 creatures vanquished.

Vanquished Creatures (collateral kills)
  2 molten gargoyles (D:10)
2 creatures vanquished.

Vanquished Creatures (others)
  8 fungi (D:10)
  2 plants (D:10)
10 creatures vanquished.

Grand Total: 273 creatures vanquished

Notes
Turn   | Place    | Note
-------+----------+-------------------------------------------
     0 | D:1      | empire the Minotaur Fighter began the quest for the Orb.
     0 | D:1      | Reached XP level 1. HP: 19/19 MP: 0/0
   228 | D:1      | Reached XP level 2. HP: 27/27 MP: 1/1
   864 | D:2      | Reached XP level 3. HP: 29/33 MP: 2/2
   943 | D:2      | Found a runed door.
   947 | D:2      | Noticed Crazy Yiuf
   954 | D:2      | Killed Crazy Yiuf
  1300 | D:2      | Reached XP level 4. HP: 38/40 MP: 3/3
  1898 | D:3      | Noticed a phantom
  1926 | D:3      | Killed a phantom
  1926 | D:3      | Reached XP level 5. HP: 10/47 MP: 4/4
  1999 | D:3      | Found a glowing drain.
  2008 | Sewer    | Entered a sewer
  2238 | Sewer    | Reached skill level 5 in Fighting
  2238 | Sewer    | Reached skill level 5 in Armour
  2238 | Sewer    | Reached skill level 5 in Shields
  2238 | Sewer    | Reached XP level 6. HP: 52/56 MP: 5/5
  2262 | Sewer    | Found a white marble altar of Elyvilon.
  2348 | D:3      | Found a stormy altar of Qazlal.
  2749 | D:3      | Found a bloodstained altar of Trog.
  2931 | D:3      | Found a deep blue altar of Sif Muna.
  2980 | D:4      | Found an iron altar of Okawaru.
  3088 | D:4      | Found a radiant altar of Vehumet.
  3089 | D:4      | Found a burning altar of Makhleb.
  3129 | D:4      | Found an opulent altar of Gozag.
  3332 | D:4      | Reached skill level 5 in Long Blades
  3477 | D:4      | Found a shattered altar of Ashenzari.
  3768 | D:5      | Entered Level 5 of the Dungeon
  3835 | D:5      | Reached XP level 7. HP: 55/62 MP: 6/6
  4143 | D:5      | Noticed a hand axe
  4143 | D:5      | Noticed a hand axe
  4173 | D:5      | Found a hide-covered altar of Uskayaw.
  4192 | D:5      | Found a shimmering altar of Xom.
  4679 | D:6      | Reached XP level 8. HP: 63/71 MP: 7/7
  4750 | D:6      | Found a sacrificial altar of Ru.
  4933 | D:6      | Found a staircase to the Ecumenical Temple.
  4947 | Temple   | Entered the Ecumenical Temple
  4967 | Temple   | Became a worshipper of Nemelex Xobeh the Trickster
  5087 | D:6      | Received a gift from Nemelex Xobeh
  5169 | D:6      | Found a sacrificial altar of Ru.
  5644 | D:7      | Found a shimmering altar of Xom.
  5645 | D:7      | Found a shimmering altar of Xom.
  5647 | D:7      | Found a shimmering altar of Xom.
  5647 | D:7      | Found a shimmering altar of Xom.
  5648 | D:7      | Found a shimmering altar of Xom.
  6024 | D:7      | Reached * piety under Nemelex Xobeh
  6197 | D:7      | Reached XP level 9. HP: 60/81 MP: 8/8
  6433 | D:7      | Noticed a satyr
  6433 | D:7      | Noticed a polar bear
  6433 | D:7      | a tarantella changed into a polar bear
  6451 | D:8      | Reached skill level 1 in Invocations
  6452 | D:8      | Reached skill level 1 in Evocations
  6733 | D:7      | Noticed a queen ant
  6827 | D:8      | Received a gift from Nemelex Xobeh
  6926 | D:8      | Found a snail-covered altar of Cheibriados.
  7362 | D:8      | Received a gift from Nemelex Xobeh
  7786 | D:8      | Found a basalt altar of Yredelemnul.
  7957 | D:9      | Noticed Paps's ghost (novice GrFi)
  7996 | D:9      | Killed Paps's ghost
  8011 | D:9      | Reached ** piety under Nemelex Xobeh
  8285 | D:9      | Found a glowing golden altar of the Shining One.
  8303 | D:9      | Reached XP level 10. HP: 90/90 MP: 11/11
  8979 | D:9      | Found an ancient bone altar of Kikubaaqudgha.
  9009 | D:9      | Found a blossoming altar of Fedhas.
  9288 | D:9      | Noticed an oklob plant
  9593 | D:10     | Entered Level 10 of the Dungeon
  9839 | D:10     | Noticed a molten gargoyle
  9857 | D:10     | Killed a molten gargoyle
  9862 | D:10     | Noticed a molten gargoyle
  9881 | D:10     | Killed a molten gargoyle
  9919 | D:10     | Noticed a molten gargoyle
 10008 | D:10     | Slain by an ice devil

Skill      XL: |  1  2  3  4  5  6  7  8  9 10 |
---------------+-------------------------------+-----
Long Blades    | 3 4 5 6 7 8 9 |  9.2
Armour         | 4 5 6 7 8 9 |  9.4
Fighting       | 4 5 6 7 8 9 |  9.4
Shields        | 4 5 6 7 8 9 |  9.4
Invocations    | 3 4 |  4.1
Evocations     | 2 3 |  3.6

Action                   |  1- 3 |  4- 6 |  7- 9 | 10-12 || total
-------------------------+-------+-------+-------+-------++-------
Melee: Long sword        |    67 |   206 |   432 |    34 ||   739
       Headbutt          |    11 |    40 |    96 |    37 ||   184
       Scimitar          |       |       |       |   117 ||   117
Evoke: Deck              |       |       |       |     7 ||     7
  Use: Scroll            |       |     8 |    13 |     2 ||    23
       Potion            |       |       |     8 |     3 ||    11
 Stab: Paralysed         |       |       |     1 |       ||     1
  Eat: Chunk             |       |    10 |    15 |     5 ||    30
Armor: Scale mail        |    22 |   130 |   235 |    75 ||   462
Dodge: Dodged            |    20 |    76 |   154 |    35 ||   285
Block: Shield            |    40 |   126 |   279 |    71 ||   516
       Rpst.: Long sword |     3 |    21 |    39 |       ||    63
       Scimitar          |       |       |       |     5 ||     5
